 Dungeon Crawl Stone Soup version 0.23.2-1-ga50397a (webtiles) character file.

Game seed: 13489162832948703214

158 xveg the Skirmisher (level 5, -3/57 HPs)
             Began as an Ogre Berserker on May 7, 2019.
             Was a Believer of Trog.
             Slain by an ogre
             ... wielding a +0 giant spiked club
              (25 damage)
             ... on level 3 of the Dungeon.
             The game lasted 00:04:10 (2264 turns).

xveg the Skirmisher (Ogre Berserker)                Turns: 2264, Time: 00:04:11

Health: -3/57      AC:  3    Str: 22    XL:     5   Next: 40%
Magic:  5/5        EV: 10    Int:  8    God:    Trog [**....]
Gold:   144        SH:  0    Dex:  8    Spells: 4/4 levels left

rFire    . . .     SeeInvis .   a - +0 spear
rCold    . . .     Gourm    .   (no shield)
rNeg     . . .     Faith    .   b - +0 animal skin
rPois    .         Spirit   .   (helmet restricted)
rElec    .         Reflect  .   (no cloak)
rCorr    .         Harm     .   (gloves unavailable)
MR       .....                  (boots unavailable)
Stlth    +.........             (no amulet)
HPRegen  0.19/turn              (no ring)
MPRegen  0.09/turn              (no ring)

@: no status effects
A: large, unfitting armour, tough skin 1
a: Berserk, Trog's Hand, Renounce Religion


You were on level 3 of the Dungeon.
You worshipped Trog.
Trog was pleased with you.
You were not hungry.

You visited 1 branch of the dungeon, and saw 3 of its levels.

You collected 144 gold pieces.

Inventory:

Hand Weapons
 a - a +0 spear (weapon)
Armour
 b - a +0 animal skin (worn)
 i - a +0 helmet
Jewellery
 k - a +3 ring of strength {unknown}
 m - an uncursed ring of see invisible {unknown}
 n - an uncursed ring of stealth {unknown}
Scrolls
 e - 2 scrolls of identify {unknown}
 g - a scroll of noise {unknown}
 h - 2 scrolls of remove curse {unknown}
 l - 2 scrolls of fog {unknown}
Potions
 d - 3 potions of flight {unknown}
 f - a potion of lignification {unknown}
Comestibles
 c - 8 rations


   Skills:
 + Level 5.2 Fighting
 + Level 4.5 Polearms
 + Level 3.4 Dodging
 + Level 0.6 Stealth


You had 4 spell levels left.
You didn't know any spells.
Your spell library was empty.

Dungeon Overview and Level Annotations

Branches:
Dungeon (3/15)

Altars:
Ru


Innate Abilities, Weirdness & Mutations

You are too large for most types of armour.
You have tough skin. (AC +1)


Message History

You are too injured to fight recklessly!
You are too injured to fight recklessly!
You are too injured to fight recklessly!
You are too injured to fight recklessly!
You are too injured to fight recklessly!
You are too injured to fight recklessly!
You are too injured to fight recklessly!
The ogre closely misses you.
You barely miss the ogre. The ogre barely misses you.
You hit the ogre.
The ogre is moderately wounded.
You hit the ogre but do no damage.
The ogre is moderately wounded.
The ogre barely misses you.
You hit the ogre.
The ogre is moderately wounded.
You hit the ogre.
The ogre is moderately wounded.
The ogre hits you with a +0 giant spiked club!!
You die...

.. ...## ... ...
### ....#.# #.#
....#.##########.#
....#.........(..#
....############.#
....# #.# ##..#
#O# .#..# ####@#
.#..# ##..#.#
...># ##.....#
...########...P..#
.................#
.###########.....#
.#### ##..#.#
....# #.##.# ....#
#.##.#


You could see an ogre.

Vanquished Creatures
  A phantom (D:3)
  An adder (D:2)
  An ooze (D:2)
  A worm (D:2)
  2 dart slugs
  A leopard gecko (D:3)
  2 giant cockroaches (D:2)
  4 goblins
  7 hobgoblins
  2 jackals (D:2)
  A quokka (D:2)
  4 bats
  4 frilled lizards
  10 kobolds
  9 rats
50 creatures vanquished.

Notes
Turn   | Place    | Note
-------+----------+-------------------------------------------
     0 | D:1      | xveg the Ogre Berserker began the quest for the Orb.
     0 | D:1      | Reached XP level 1. HP: 24/24 MP: 1/1
   204 | D:1      | Reached XP level 2. HP: 29/32 MP: 2/2
  1150 | D:2      | Reached XP level 3. HP: 39/40 MP: 3/3
  1233 | D:2      | Reached ** piety under Trog
  1610 | D:2      | Reached XP level 4. HP: 49/49 MP: 4/4
  2025 | D:2      | Found a sacrificial altar of Ru.
  2138 | D:3      | Noticed a phantom
  2172 | D:3      | Killed a phantom
  2172 | D:3      | Reached skill level 5 in Fighting
  2172 | D:3      | Reached XP level 5. HP: 34/57 MP: 5/5
  2235 | D:3      | Noticed an ogre
  2264 | D:3      | Slain by an ogre

Skill      XL: |  1  2  3  4 |
---------------+-------------+-----
Dodging        | 3 |  3.4
Fighting       | 5 |  5.2
Polearms       | 4 |  4.5
Stealth        | |  0.6

Action                   |  1- 3 |  4- 6 || total
-------------------------+-------+-------++-------
Melee: Spear             |   152 |    61 ||   213
Throw: Throwing net      |       |     2 ||     2
 Stab: Sleeping          |     2 |       ||     2
  Eat: Chunk             |     2 |       ||     2
       Ration            |       |     1 ||     1
Armor: Animal skin       |    27 |     4 ||    31
Dodge: Dodged            |    55 |    18 ||    73
